 Dungeon Crawl Stone Soup version 0.28-a0-2-g643f2454ad (webtiles) character file.

Game seed: 14824544403085641078

25916 Feb132020 the Eclecticist (level 12, -2/66 HPs)
             Began as a Deep Elf Necromancer on July 22, 2021.
             Was an Elder of Nemelex Xobeh.
             Slain by a six-headed hydra (12 damage)
             ... on level 5 of the Lair of Beasts.
             The game lasted 01:40:12 (21035 turns).

Feb132020 the Eclecticist (Deep Elf Necromancer)   Turns: 21035, Time: 01:40:13

Health: -2/66      AC:  8    Str:  8    XL:     12   Next: 93%
Magic:  25/33      EV: 20    Int: 22    God:    Nemelex Xobeh [****..]
Gold:   319        SH:  0    Dex: 14    Spells: 23/42 levels left

rFire   . . .      SeeInvis .   a - +4 dagger (flame)
rCold   . . .      Faith    .   (no shield)
rNeg    . . .      Spirit   .   J - +2 robe {Will+}
rPois   +          Reflect  .   v - +1 helmet
rElec   .          Harm     .   B - +0 cloak
rCorr   .          Rampage  .   f - +0 pair of gloves
Will    ++...                   F - +0 pair of boots
Stlth   ++++......              i - amulet of magic regeneration
HPRegen 0.21/turn               e - +4 ring of evasion
MPRegen 0.48/turn               Q - ring of poison resistance

@: no status effects
A: clumsy 1, deformed body, screaming 1, MP-powered wands, sturdy frame 1
a: Renounce Religion, Draw Escape, Draw Destruction, Draw Summoning, Triple
Draw, Deal Four


You were on level 5 of the Lair of Beasts.
You worshipped Nemelex Xobeh.
Nemelex Xobeh was greatly pleased with you.
You visited 3 branches of the dungeon, and saw 17 of its levels.
You also visited: Gauntlet.

You collected 854 gold pieces.
You spent 535 gold pieces at shops.

Inventory:

Hand Weapons
 a - a +4 dagger of flaming (weapon)
 c - a +0 short sword
 x - a +0 dagger of holy wrath
 y - a +2 short sword of venom
 A - a +4 quarterstaff of chaos
 I - a +3 dagger of electrocution
Missiles
 K - a curare-tipped dart
 L - 3 atropa-tipped darts
Armour
 f - a +0 pair of gloves (worn)
 k - a +1 robe
 v - a +1 helmet (worn)
 w - the +1 ring mail of Focus {Str+6}
   (You found it on level 5 of the Dungeon)

   Str:       It affects your strength (+6).
 B - a +0 cloak (worn)
 F - a +0 pair of boots (worn)
 J - a +2 robe of willpower (worn)
Magical Staves
 b - a staff of death
 V - a staff of cold
Jewellery
 e - a +4 ring of evasion (left hand)
 i - an amulet of magic regeneration (around neck)
 j - a ring of protection from fire
 H - a ring of flight
 Q - a ring of poison resistance (right hand)
 R - a +6 ring of intelligence
 U - a ring of protection from fire
Wands
 p - a wand of paralysis (37)
 q - a wand of flame (42)
 C - a wand of polymorph (8)
 E - a wand of iceblast (18)
 P - a wand of acid (6)
 S - a wand of digging (5)
Scrolls
 h - 2 scrolls of enchant armour
 n - 2 scrolls of fear
 D - 5 scrolls of identify
 M - 2 scrolls of teleportation
 N - a scroll of immolation
Potions
 d - a potion of invisibility
 g - 5 potions of lignification
 l - 3 potions of heal wounds
 m - 3 potions of berserk rage
 o - 4 potions of might
 r - 2 potions of magic
 s - 3 potions of flight
 t - 3 potions of brilliance
 u - 6 potions of haste
 z - 2 potions of curing
 G - 6 potions of ambrosia
 T - a potion of mutation
Miscellaneous
 O - a box of beasts


   Skills:
 + Level 4.2 Fighting
 + Level 7.6 Short Blades
 + Level 9.4 Dodging
 + Level 8.2 Stealth
 + Level 15.6 Spellcasting
 + Level 14.6 Necromancy
 + Level 2.0 Evocations


You had 23 spell levels left.
You knew the following spells:

 Your Spells              Type           Power      Damage    Failure   Level
a - Pain                  Necr           100%       1d9       0%          1
b - Vampiric Draining     Necr           34%        2d10      1%          3
c - Agony                 Necr           69%        N/A       1%          5
d - Excruciating Wounds   Necr           34%        N/A       1%          5
D - Animate Dead          Necr           34%        N/A       1%          4
S - Animate Skeleton      Necr           100%       N/A       0%          1

Your spell library contained the following spells:

 Spells                   Type           Power      Damage    Failure   Level
 Corona                   Hex            18%        N/A       3%          1
 Ensorcelled Hibernation  Hex/Ice        34%        N/A       4%          2
 Dazzling Flash           Conj/Hex       34%        N/A       10%         3
 Stone Arrow              Conj/Erth      34%        3d9       10%         3
 Tukima's Dance           Hex            17%        N/A       10%         3
 Animate Armour           Summ/Erth      34%        N/A       32%         4
 Silence                  Hex/Air        8%         N/A       67%         5
 Lehudib's Crystal Spear  Conj/Erth      8%         10d4      100%        8


Dungeon Overview and Level Annotations

Branches:
Dungeon (11/15)            Temple (1/1) D:6            Lair (5/6) D:8
  Swamp (0/4) Lair:2       Spider (0/4) Lair:2      Gauntlet (visited)
  Slime: Lair:5-6       Orc: D:9-12

Altars:
Ashenzari
Cheibriados
Dithmenos
Elyvilon
Fedhas
Gozag
Hepliaklqana
Kikubaaqudgha
Makhleb
Nemelex Xobeh
Okawaru
Qazlal
Sif Muna
Trog
Uskayaw
Vehumet
Wu Jian
Xom
Yredelemnul
Zin
The Shining One

Shops:
D:3 *   D:6 ?   D:10 *

Annotations:
D:5 3 runed translucent doors, RandomHacker's ghost, novice TrHu
D:6 exclusion: boulder beetle
D:7 Dowan; Duvessa; Harold
Lair:2 exclusion: vampire mosquito
Lair:4 exclusion: 2 oklob plants
Lair:5 makewrite's ghost, journeyman MiFi


Innate Abilities, Weirdness & Mutations

You are clumsy. (Dex -2)
Armour fits poorly on your strangely shaped body.
You occasionally shout uncontrollably at your foes.
You expend magic power (3 MP) to strengthen your wands.
Your movements are slightly less encumbered by armour. (ER -2)


Message History

Aim: a six-headed hydra (moderately wounded)
You draw life force from the six-headed hydra!
You feel life coursing into your body!
The six-headed hydra closely misses you. x2
The six-headed hydra misses you.
The six-headed hydra closely misses you.
The six-headed hydra bites you.
The six-headed hydra completely misses you.
Unknown command.
Unknown command.
Unknown command.
Casting: Vampiric Draining (safe; 1% risk of failure)
Confirm with . or Enter, or press ? or * to list all spells.
Aiming: Vampiric Draining (safe; 1% risk of failure)
Press: ? - help, Shift-Dir - straight line, f/p - six-headed hydra
Aim: a six-headed hydra (heavily wounded)
You draw life force from the six-headed hydra!
You feel life coursing into your body. The six-headed hydra misses you. x3
The six-headed hydra bites you. The six-headed hydra bites you!
* * * LOW HITPOINT WARNING * * *
The six-headed hydra barely misses you.
Unknown command.
Unknown command.
Unknown command.
Casting: Vampiric Draining (safe; 1% risk of failure)
Confirm with . or Enter, or press ? or * to list all spells.
Aiming: Vampiric Draining (safe; 1% risk of failure)
Press: ? - help, Shift-Dir - straight line, f/p - six-headed hydra
Aim: a six-headed hydra (heavily wounded)
You draw life force from the six-headed hydra!!
You feel life coursing into your body!
The six-headed hydra completely misses you.
The six-headed hydra bites you!
* * * LOW HITPOINT WARNING * * *
The six-headed hydra completely misses you.
The six-headed hydra bites you.
* * * LOW HITPOINT WARNING * * *
The six-headed hydra barely misses you. The six-headed hydra bites you!
You die...
Your body glows with a rainbow of weird colours and disappears.

..[#...........#
...............##
................#
..............P##
.....P......<.P#
.....#......P..#
...###........##
.. #.......##
#@......#
#D.....##
.....$## ##...#.#
#######


You could see a six-headed hydra.

Vanquished Creatures
  Kirke (Lair:4)
  A hydra (Lair:1)
  A two-headed ogre (D:10)
  A deep elf pyromancer (D:9)
  3 black mambas
  A torpor snail (Lair:3)
  6 cane toads
  2 rime drakes
  8 komodo dragons
  Psyche (D:11)
  A troll (D:11)
  20 blink frogs
  4 dream sheep (Lair:1)
  Sigmund (D:2)
  3 redbacks (Lair:2)
  16 yaks
  4 wyverns
  5 hogs (Lair:4)
  2 basilisks
  2 steam dragons
  Edmund (D:6)
  A vampire mosquito (D:7)
  3 wargs (D:8)
  7 water moccasins
  2 sky beasts
  3 orc warriors
  An ice beast (D:6)
  A black bear (Lair:2)
  2 necrophages
  An ogre (D:6)
  5 wolves (Lair:3)
  2 centaurs
  A kobold brigand (D:9)
  2 scorpions (D:5)
  14 bullfrogs
  A water moccasin zombie (D:4)
  A water moccasin skeleton (D:6)
  29 killer bees
  An electric eel (Lair:4)
  2 howler monkeys (D:9)
  A jelly (D:5)
  Crazy Yiuf (D:6)
  3 bullfrog skeletons (D:5)
  3 orc priests (D:8)
  7 hounds
  A centaur skeleton (D:5)
  7 orc wizards
  A scorpion zombie (D:5)
  5 iguanas
  A hound skeleton (D:5)
  A howler monkey zombie (D:8)
  2 howler monkey skeletons
  3 gnolls
  4 adders
  A shadow imp (D:5)
  3 ufetubi
  2 adder skeletons (D:4)
  2 worms
  4 dart slugs
  22 orcs
  7 bats
  7 endoplasms
  3 giant cockroaches
  14 goblins
  9 hobgoblins
  16 jackals
  4 quokkas
  6 ball pythons
  6 frilled lizards
  15 kobolds
  6 rats
330 creatures vanquished.

Vanquished Creatures (collateral kills)
  Erolcha (D:9)
  A black mamba (Lair:5)
  A cane toad (Lair:5)
  A queen bee (Lair:1)
  2 yaks
  3 vampire mosquitoes (D:7)
  A black bear (Lair:5)
  2 necrophages (Lair:5)
  An ogre (D:5)
  A bullfrog (D:7)
  A killer bee (Lair:2)
  An orc priest (D:8)
  A shadow imp (D:8)
  A kobold (D:9)
18 creatures vanquished.

Vanquished Creatures (others)
  2 humans (Lair:4)
  A kobold (D:9)
  19 fungi
  40 plants
62 creatures vanquished.

Grand Total: 410 creatures vanquished

Notes
Turn   | Place    | Note
-------+----------+-------------------------------------------
     0 | D:1      | Feb132020 the Deep Elf Necromancer began the quest for the
                  | Orb.
     0 | D:1      | Reached XP level 1. HP: 10/10 MP: 6/6
    71 | D:1      | Learned a level 1 spell: Animate Skeleton
   106 | D:1      | Reached skill level 5 in Necromancy
   380 | D:1      | Reached XP level 2. HP: 12/15 MP: 5/8
  1186 | D:1      | Reached XP level 3. HP: 19/19 MP: 9/9
  1190 | D:1      | Learned a level 3 spell: Vampiric Draining
  1344 | D:1      | Found a faded altar of an unknown god.
  1898 | D:2      | Found an iron altar of Okawaru.
  2246 | D:2      | Noticed Sigmund
  2855 | D:3      | Reached XP level 4. HP: 20/24 MP: 5/11
  3102 | D:3      | Found Annur's Assorted Antiques.
  3359 | D:2      | Reached skill level 4 in Spellcasting
  3441 | D:3      | Reached skill level 1 in Short Blades
  3441 | D:3      | Reached XP level 5. HP: 22/28 MP: 9/13
  3446 | D:3      | Learned a level 4 spell: Animate Dead
  3865 | D:3      | Found an iron altar of Okawaru.
  4232 | D:4      | Noticed a moth of wrath
  4234 | D:4      | Found a bloodstained altar of Trog.
  5180 | D:3      | Bought a ruby potion for 18 gold pieces
  5205 | D:3      | Found a glowing silver altar of Zin.
  5205 | D:3      | Found a sparkling altar of Nemelex Xobeh.
  5205 | D:3      | Found a snail-covered altar of Cheibriados.
  5208 | D:3      | Found a white marble altar of Elyvilon.
  5213 | D:3      | Became a worshipper of Nemelex Xobeh the Trickster
  5378 | D:4      | Reached skill level 5 in Spellcasting
  5378 | D:4      | Reached XP level 6. HP: 19/33 MP: 15/15
  5601 | D:5      | Entered Level 5 of the Dungeon
  5767 | D:5      | Reached skill level 1 in Fighting
  6071 | D:5      | Identified the +1 ring mail of Focus {Str+6}
  6091 | D:5      | Found a runed translucent gate.
  6091 | D:5      | Found a runed translucent gate.
  6091 | D:5      | Found a runed translucent gate.
  6143 | D:5      | Found a sparkling altar of Nemelex Xobeh.
  6157 | D:5      | Noticed RandomHacker's ghost (novice TrHu)
  6232 | D:5      | Reached XP level 7. HP: 38/38 MP: 17/17
  6534 | D:5      | Reached * piety under Nemelex Xobeh
  6796 | D:5      | Reached skill level 6 in Spellcasting
  7289 | D:5      | Noticed a steam dragon
  7306 | D:5      | Killed a steam dragon
  7307 | D:5      | Reached XP level 8. HP: 28/44 MP: 2/19
  8199 | D:6      | Found a staircase to the Ecumenical Temple.
  8248 | D:6      | Reached skill level 5 in Dodging
  8248 | D:6      | Reached skill level 5 in Stealth
  8259 | Temple   | Entered the Ecumenical Temple
  8495 | D:6      | Reached skill level 7 in Spellcasting
  8513 | D:6      | Noticed Edmund
  8527 | D:6      | Received a gift from Nemelex Xobeh
  8806 | D:6      | Noticed a boulder beetle
  8838 | D:6      | Killed Edmund
  9340 | D:2      | Killed Sigmund
  9341 | D:2      | Reached skill level 1 in Evocations
  9600 | D:6      | Reached skill level 8 in Spellcasting
  9683 | D:6      | Found a runed translucent door.
  9684 | D:6      | Noticed Crazy Yiuf
  9691 | D:6      | Killed Crazy Yiuf
  9692 | D:6      | Reached XP level 9. HP: 44/48 MP: 20/23
  9853 | D:6      | Found Sabbay's Magic Scroll Boutique.
  9861 | D:6      | Bought a scroll of magic mapping for 49 gold pieces
  9861 | D:6      | Bought a scroll of identify for 28 gold pieces
  9861 | D:6      | Bought a scroll of identify for 28 gold pieces
 10119 | D:7      | Found a hazy altar of Hepliaklqana.
 10119 | D:7      | Reached ** piety under Nemelex Xobeh
 10139 | D:7      | Found a hide-covered altar of Uskayaw.
 10140 | D:7      | Found a shadowy altar of Dithmenos.
 10148 | D:7      | Reached skill level 9 in Spellcasting
 10181 | D:7      | Noticed Dowan
 10183 | D:7      | Noticed Duvessa
 10772 | D:8      | Reached skill level 5 in Short Blades
 10850 | D:7      | Noticed Harold
 11174 | D:8      | Found a staircase to the Lair.
 11342 | D:8      | Found a stormy altar of Qazlal.
 11844 | D:9      | Reached skill level 10 in Spellcasting
 11846 | D:9      | Reached XP level 10. HP: 56/56 MP: 26/26
 11997 | D:9      | Received a gift from Nemelex Xobeh
 12020 | D:9      | Found an opulent altar of Gozag.
 12046 | D:9      | Noticed a deep elf pyromancer
 12062 | D:9      | Killed a deep elf pyromancer
 12063 | D:9      | Reached skill level 10 in Necromancy
 12068 | D:9      | Noticed Erolcha
 12603 | D:9      | Killed Erolcha
 12688 | D:9      | Noticed a two-headed ogre
 12692 | D:10     | Entered Level 10 of the Dungeon
 12692 | D:10     | Found Jengaviv's General Store.
 12692 | D:10     | Noticed a two-headed ogre
 12695 | D:10     | Bought a wand of iceblast (7) for 132 gold pieces
 12709 | D:11     | Noticed Psyche
 13023 | D:11     | Killed Psyche
 13029 | D:11     | Noticed a gargoyle
 13049 | D:10     | Killed a two-headed ogre
 13050 | D:10     | Reached skill level 11 in Spellcasting
 13774 | Lair:1   | Entered Level 1 of the Lair of Beasts
 13774 | Lair:1   | Noticed a black mamba
 13775 | Lair:1   | Killed a black mamba
 13812 | Lair:1   | Found a gate leading to a gauntlet.
 13821 | Gauntlet | Entered a Gauntlet
 13821 | Gauntlet | Found a transporter.
 13821 | Gauntlet | Found a transporter.
 13822 | Gauntlet | Found a transporter.
 13823 | Gauntlet | Found a transporter.
 13823 | Gauntlet | Found a transporter.
 13824 | Gauntlet | Found a large runed translucent door.
 13825 | Gauntlet | Found a large runed translucent door.
 13826 | Gauntlet | Found a large runed translucent door.
 13826 | Gauntlet | Found a large runed translucent door.
 13826 | Gauntlet | Found a transporter.
 13826 | Gauntlet | Found a runed translucent door.
 13827 | Gauntlet | Found a large runed translucent door.
 13828 | Gauntlet | Found a large runed translucent door.
 13828 | Gauntlet | Noticed a worldbinder
 13829 | Gauntlet | Found a large runed translucent door.
 13829 | Gauntlet | Found a large runed translucent door.
 13830 | Gauntlet | Found a runed translucent door.
 13830 | Gauntlet | Found a runed translucent gate.
 13830 | Gauntlet | Found a runed translucent door.
 13830 | Gauntlet | Found a runed translucent gate.
 13832 | Gauntlet | Found a transporter.
 13834 | Gauntlet | Found a transporter.
 13835 | Gauntlet | Found a transporter.
 13836 | Gauntlet | Noticed a soul eater
 13837 | Gauntlet | Found a transporter.
 13845 | Gauntlet | Found a transporter.
 13845 | Gauntlet | Found a transporter.
 13848 | Gauntlet | Noticed a quicksilver ooze
 13872 | Gauntlet | Noticed a fire crab
 13876 | Gauntlet | Found a runed translucent gate.
 13877 | Gauntlet | Found a large runed translucent door.
 13877 | Gauntlet | Found a large runed translucent door.
 13878 | Gauntlet | Found a large runed translucent door.
 13879 | Gauntlet | Found a large runed translucent door.
 13880 | Gauntlet | Found a large runed translucent door.
 13880 | Gauntlet | Found a large runed translucent door.
 13880 | Gauntlet | Found a runed translucent door.
 13881 | Gauntlet | Found a large runed translucent door.
 13882 | Gauntlet | Found a large runed translucent door.
 13917 | Gauntlet | Noticed a fire crab
 13917 | Gauntlet | a golden eye changed into a fire crab
 13922 | Gauntlet | Noticed a swamp dragon
 13922 | Gauntlet | a fire crab changed into a swamp dragon
 13983 | Lair:1   | Noticed a cane toad
 13997 | Lair:1   | Killed a cane toad
 13998 | Lair:1   | Reached XP level 11. HP: 43/60 MP: 28/28
 14004 | Lair:1   | Learned a level 5 spell: Agony
 14010 | Lair:1   | Learned a level 5 spell: Excruciating Wounds
 14413 | Lair:1   | Reached skill level 12 in Spellcasting
 14708 | Lair:2   | Reached *** piety under Nemelex Xobeh
 14987 | Lair:2   | Found a staircase to the Swamp.
 15906 | Lair:1   | Noticed a six-headed hydra
 15914 | Lair:1   | Killed a six-headed hydra
 16257 | Lair:2   | Received a gift from Nemelex Xobeh
 16397 | Lair:2   | Found a hole to the Spider Nest.
 16411 | Lair:2   | Reached skill level 13 in Spellcasting
 16727 | Lair:2   | Gained mutation: Your body sometimes deteriorates upon
                  | taking damage. [potion of mutation]
 16727 | Lair:2   | Gained mutation: Your body often deteriorates upon taking
                  | damage. [potion of mutation]
 16727 | Lair:2   | Gained mutation: You are clumsy. (Dex -2) [potion of
                  | mutation]
 16727 | Lair:2   | Gained mutation: Your movements are slightly less
                  | encumbered by armour. (ER -2) [potion of mutation]
 16728 | Lair:2   | Lost mutation: Your body often deteriorates upon taking
                  | damage. [potion of mutation]
 16728 | Lair:2   | Lost mutation: Your body sometimes deteriorates upon taking
                  | damage. [potion of mutation]
 16728 | Lair:2   | Gained mutation: Armour fits poorly on your strangely
                  | shaped body. [potion of mutation]
 16728 | Lair:2   | Gained mutation: You occasionally shout uncontrollably at
                  | your foes. [potion of mutation]
 16728 | Lair:2   | Gained mutation: You expend magic power (3 MP) to
                  | strengthen your wands. [potion of mutation]
 17298 | Lair:2   | Received a gift from Nemelex Xobeh
 17879 | D:6      | Bought a scroll of brand weapon for 280 gold pieces
 18009 | Lair:3   | Reached XP level 12. HP: 32/66 MP: 20/31
 18324 | Lair:3   | Received a gift from Nemelex Xobeh
 18922 | Lair:4   | Reached **** piety under Nemelex Xobeh
 18925 | Lair:4   | Noticed Kirke
 18952 | Lair:4   | Reached skill level 14 in Spellcasting
 18954 | Lair:4   | Killed Kirke
 19396 | Lair:3   | Reached skill level 15 in Spellcasting
 19587 | Lair:4   | Received a gift from Nemelex Xobeh
 20245 | Lair:5   | Received a gift from Nemelex Xobeh
 20430 | Lair:5   | Noticed a six-headed hydra
 20896 | Lair:5   | Found a runed translucent door.
 20896 | Lair:5   | Noticed makewrite's ghost (journeyman MiFi)
 21021 | Lair:5   | Noticed a six-headed hydra
 21035 | Lair:5   | Slain by a six-headed hydra

Illustrated notes

Levels and vault maps discovered:
D:1:      saegor_arrival_simple_c, layout_loops_ring,
          hellmonk_ecumenical_altar_crossroads, chequers_serial_rivers_large_b,
          chequers_serial_rivers_micro_d, chequers_serial_rivers_large_a
D:2:      layout_rooms, basic_altar, chequers_serial_rivers_micro_a,
          kennysheep_small_spiral, minmay_small_reverse_x, uniq_sigmund
D:3:      kennysheep_the_goblin_king, layout_rooms,
          nicolae_overflow_hidden_temple, serial_shops, nicolae_shop_trees
D:4:      minmay_chambers_of_fours, layout_rooms, tgw_trog
D:5:      minmay_bubble_buster, layout_gridville, gammafunk_ghost_icy,
          kennysheep_flooded_box
D:6:      layout_rooms, minmay_temple_entry_ruins, serial_shops,
          nicolae_diamond_shop, uniq_edmund, uniq_crazy_yiuf_cottage
D:7:      layout_basic, chequers_temple_overflow_statue_of_worship,
          minmay_small_thing, uniq_duvessa, uniq_harold
D:8:      layout_basic, nicolae_qazlal_scattered_showers,
          erik_lair_orcish_takeover
D:9:      layout_loops_cross, grunt_gozag_statues, uniq_erolcha
D:10:     layout_roguey, nicolae_ru_great_annihilating_truth, david_orc_3,
          serial_shops, kennysheep_mini, nicolae_stop_n_shop_1, uniq_erica
D:11:     minmay_the_grid_octo_tiled_squarecenter_mashed
          [minmay_the_grid_octo_checkered, minmay_the_grid_octo_thin_diamonds,
          minmay_the_grid_octo_77, minmay_the_grid_octo_tetromino_candy,
          minmay_the_grid_square_5x5_megaprize_hollow,
          minmay_the_grid_square_5x5_n, minmay_the_grid_square_5x5_v,
          minmay_the_grid_square_5x5_checkered_sparse,
          minmay_the_grid_square_5x5_comb], layout_gridville, serial_shops,
          kennysheep_little_box, uniq_fannar, uniq_psyche
Temple:   eino_wide_crystal_templ
Lair:1:   layout_hall_layers, special_room [special_room_bee],
          gauntlet_entry_generic
Lair:2:   layout_long_grid, minmay_swamp_entry_swarm, spider_nest_entry_webs,
          serial_bayou_shore_b, lemuel_fruit_tree, grunt_megastairs_1
Lair:3:   layout_misc_corridors
Lair:4:   layout_hall_layers, infiniplex_staircase_pool_2, serial_bayou_shore_a,
          lemuel_fruit_fields, lemuel_fruit_fields, minmay_lair_oklob_chamber,
          lemuel_fruit_fields, uniq_kirke
Lair:5:   layout_cave_pods, dpeg_slime_entry_enclosed_altar,
          gammafunk_ghost_grave, roderic_carrion_pond, grunt_megastairs_4,
          serial_bayou_shore_b

Skill      XL: |  1  2  3  4  5  6  7  8  9 10 11 12 |
---------------+-------------------------------------+-----
Necromancy     | 5 6 7 8 9 11 13 14 | 14.6
Stealth        | 3 4 5 6 7 8 |  8.2
Spellcasting   | 4 5 6 8 10 11 13 15 | 15.6
Short Blades   | 1 2 3 4 5 6 7 |  7.6
Fighting       | 1 2 3 4 |  4.2
Dodging        | 3 4 5 7 9 |  9.4
Evocations     | 1 2 |  2.0

Action                   |  1- 3 |  4- 6 |  7- 9 | 10-12 || total
-------------------------+-------+-------+-------+-------++-------
Melee: Short sword       |    49 |       |   134 |       ||   183
       Dagger            |     2 |   252 |   469 |   542 ||  1265
       Staff             |       |       |       |     5 ||     5
 Cast: Pain              |    48 |    36 |    47 |    85 ||   216
       Vampiric Draining |     5 |    14 |    34 |   159 ||   212
       Animate Dead      |       |       |     7 |    39 ||    46
       Agony             |       |       |       |     1 ||     1
       Excruciating Woun |       |       |       |     1 ||     1
       Animate Skeleton  |       |       |       |     1 ||     1
Invok: Draw Destruction  |       |       |     4 |    10 ||    14
       Draw Summoning    |       |       |     1 |     4 ||     5
       Draw Escape       |       |       |       |     1 ||     1
Evoke: Wand              |       |     2 |    10 |     8 ||    20
  Use: Scroll            |       |     7 |     9 |    12 ||    28
       Potion            |       |     1 |     1 |     4 ||     6
 Stab: Sleeping          |     8 |     8 |    11 |    12 ||    39
       Distracted        |       |       |     1 |     1 ||     2
Armor: Robe              |     8 |    22 |   107 |    95 ||   232
Dodge: Dodged            |    48 |   183 |   585 |   730 ||  1546

Table legend: (Time is in decaauts)
 A = Elapsed time spent in this place.
 B = Non-inter-level travel time spent in this place.
 C = Inter-level travel time spent in this place.
 D = Time resting spent in this place.
 E = Time spent auto-exploring this place.
 F = Levels seen in this place.
 G = Mean time per level.
                   A        B        C        D        E       F      G
               +--------+--------+--------+--------+--------+-----+--------+
         Total |  20834 |  19523 |   1311 |   2504 |  12823 |  18 | 1157.4 |
       Dungeon |  13622 |  12580 |   1042 |   1373 |   8578 |  11 | 1238.4 |
        Temple |    209 |    196 |     13 |      0 |    196 |   1 |  209.0 |
          Lair |   6853 |   6599 |    254 |   1131 |   3924 |   5 | 1370.6 |
      Gauntlet |    148 |    148 |      0 |      0 |    125 |   1 |  148.0 |
               +--------+--------+--------+--------+--------+-----+--------+

Top non-repeatable levels by time:
     D:5: 2507 daAuts
  Lair:2: 2255 daAuts
     D:1: 2161 daAuts
     D:8: 1922 daAuts
     D:4: 1543 daAuts
     D:2: 1489 daAuts
  Lair:3: 1353 daAuts
  Lair:1: 1347 daAuts
  Lair:4: 1227 daAuts
     D:3: 1103 daAuts
     D:9: 1090 daAuts
     D:6: 963 daAuts
  Lair:5: 669 daAuts
     D:7: 446 daAuts
    D:11: 330 daAuts
